 Dungeon Crawl Stone Soup version 0.23-a0-269-g65e0026 (console) character file.

24 nht the Skirmisher (level 3, -5/26 HPs)
             Began as an Octopode Fighter on Sept 30, 2018.
             Slain by Sigmund
             ... wielding a +0 scythe
              (7 damage)
             ... on level 2 of the Dungeon.
             The game lasted 00:01:13 (959 turns).

nht the Skirmisher (Octopode Fighter)                Turns: 959, Time: 00:01:15

Health: -5/26      AC:  1    Str: 20    XL:     3   Next: 2%
Magic:  3/3        EV: 12    Int: 10    God:
Gold:   90         SH:  9    Dex: 12    Spells: 2/2 levels left

rFire    . . .     SeeInvis .   a - +0 rapier
rCold    . . .     Gourm    .   b - +0 shield
rNeg     . . .     Faith    .   (helmet restricted)
rPois    .         Spirit   .   (no amulet)
rElec    .         Reflect  .   (no ring)
rCorr    .         Harm     .   (no ring)
MR       .....                  (no ring)
Stlth    ++........             (no ring)
HPRegen  0.08/turn              (no ring)
MPRegen  0.08/turn              (no ring)
                                (no ring)
                                (no ring)

@: mighty
A: almost no armour, stealthy swim, amphibious, 8 rings, constrict 8, camouflage
1, gelatinous body 1
a: no special abilities


You were on level 2 of the Dungeon.
You were not hungry.

You visited 1 branch of the dungeon, and saw 2 of its levels.

You collected 90 gold pieces.

Inventory:

Hand Weapons
 a - a +0 rapier (weapon)
Armour
 b - a +0 shield (worn)
Scrolls
 e - a scroll of identify {unknown}
 h - 2 scrolls of remove curse {unknown}
 j - a scroll of enchant armour {unknown}
 k - a scroll of amnesia {unknown}
Comestibles
 d - a ration
 f - 2 chunks of flesh


   Skills:
 + Level 3.2 Fighting
 * Level 2.6 Short Blades
 + Level 3.2 Dodging
 + Level 3.2 Shields


You had 2 spell levels left.
You didn't know any spells.
Your spell library was empty.

Dungeon Overview and Level Annotations

Branches:
Dungeon (2/15)

Altars:

Annotations:
D:2 Sigmund


Innate Abilities, Weirdness & Mutations

You cannot wear most types of armour.
You are very stealthy in the water. (Stealth+)
You are amphibious.
You can wear up to eight rings at the same time.
You can use your tentacles to constrict eight enemies at once.
Your skin changes colour to match your surroundings (Stealth+).
Your rubbery body absorbs attacks. (AC +1, EV +1)


Message History

Sigmund's eyes start glowing with a red light.
Sigmund hits you with a scythe!
You hit Sigmund.
Sigmund is moderately wounded.
You hit Sigmund.
Sigmund is heavily wounded.
Sigmund misses you.
Sigmund hits you from afar with a scythe!
* * * LOW HITPOINT WARNING * * *
It was a potion of curing.
You feel better. You block Sigmund's attack. Sigmund barely misses you.
You hit Sigmund. Your grab misses Sigmund.
Sigmund is severely wounded.
You hit Sigmund. Your grab misses Sigmund. Your squeeze misses Sigmund.
Sigmund is almost dead.
Sigmund points at you and mumbles some strange words.
The puff of flame hits you!
* * * LOW HITPOINT WARNING * * *
Sigmund hits you with a scythe!
You die...

...█ ..... ... .. .█.█
....█ .. ... .███ █...█
.██.███ .█
█...████....... .█
█........█.█.█. .█
█..█......!... .█
██..█....█.█.█. .█
█.....@........ .█
██..█.@..█.█.█.
████████████..█..........
..............█....█.█.█.
..............█.██.......
..............█.█ ...████
████████████..█.█ ...█
█.█ ...... ..... █.█
...... .█.... █.█
█.█████.█.███


You could see Sigmund.

Vanquished Creatures
  An adder (D:2)
  2 bats
  A giant cockroach (D:1)
  2 goblins (D:1)
  2 hobgoblins (D:1)
  A kobold (D:1)
  A quokka (D:2)
  2 frilled lizards (D:1)
  3 rats
15 creatures vanquished.

Notes
Turn   | Place    | Note
-------+----------+-------------------------------------------
     0 | D:1      | nht the Octopode Fighter began the quest for the Orb.
     0 | D:1      | Reached XP level 1. HP: 16/16 MP: 1/1
   208 | D:1      | Reached XP level 2. HP: 8/21 MP: 2/2
   911 | D:2      | Reached XP level 3. HP: 19/26 MP: 3/3
   938 | D:2      | Noticed Sigmund
   959 | D:2      | Slain by Sigmund

Vault maps used:
D:1:      tarquinn_simple_flora_water_e
D:2:      amethyst_overflow_temple_binary, serial_co_window_serial,
          co_window_corner_a, co_window_of_opportunity_a, co_window_cross_1,
          co_window_paths_a, co_window_paths_b, co_window_broadway_c,
          co_window_corner_b, co_window_corner_b, glass_columns_b,
          glass_columns_c, glass_columns_c, minivault_24,
          minmay_misc_feat_columns, minmay_bisected, uniq_sigmund

Action                   || total
-------------------------++-------
Melee: Rapier            ||    34
       Constrict         ||     8
       Tentacles         ||     5
  Use: Potion            ||     3
 Stab: Sleeping          ||     7
Armor: Skin              ||     1
Dodge: Dodged            ||    10
Block: Shield            ||    10

Table legend:
 A = Non-vault XP
 B = Vault XP
 C = Vault XP percentage of total XP
 D = Non-vault monster count
 E = Vault monster count
 F = Vault count percentage of total count
                 A         B        C        D         E       F
            +---------+---------+-------+---------+---------+-------
      Total |      35 |       0 |   0.0 |      15 |       0 |   0.0
            +---------+---------+-------+---------+---------+-------
        D:1 |      17 |       0 |   0.0 |      10 |       0 |   0.0
        D:2 |      18 |       0 |   0.0 |       5 |       0 |   0.0
            +---------+---------+-------+---------+---------+-------
